 Dungeon Crawl Stone Soup version 0.29.0-4-gdea44cf6ec (webtiles) character file.

Game seed: 11179433232517924495

6344 qw the Brawler (level 10, 0/86 HPs)
             Began as a Ghoul Enchanter on Sept 5, 2022.
             Slain by a death yak (17 damage)
             ... on level 7 of the Dungeon.
             The game lasted 00:04:07 (10035 turns).

qw the Brawler (Ghoul Enchanter)                   Turns: 10035, Time: 00:04:07

Health: 0/86       AC: 18    Str: 17    XL:     10   Next: 96%
Magic:  11/11      EV:  5    Int: 10    God:
Gold:   168        SH:  0    Dex:  9    Spells: 12/12 levels left

rFire   . . .      SeeInvis .     - Unarmed
rCold   + + .      Faith    .   (no shield)
rNeg    + + +      Spirit   .   l - +0 plate armour
rPois   inf        Reflect  .   (no helmet)
rElec   .          Harm     .   d - +2 cloak
rCorr   .          Rampage  .   (no gloves)
Will    .....                   (no boots)
Stlth   ..........              (no amulet)
HPRegen 0.00/turn               g - +4 ring of protection
MPRegen 0.12/turn               m - ring of protection from cold

@: inhibited regen
A: claws 1, cold resistance 1, negative energy resistance 3, inhibited
regeneration, torment resistance 2, devour on kill
a: no special abilities


You were on level 7 of the Dungeon.
You visited 2 branches of the dungeon, and saw 9 of its levels.

You collected 410 gold pieces.
You spent 242 gold pieces at shops.


Innate Abilities, Weirdness & Mutations

You are immune to poison.
You have sharp fingernails.
Your flesh is cold resistant. (rC+)
You are immune to negative energy. (rN+++)
You do not regenerate when monsters are visible.
You are immune to unholy pain and torment.
You thrive by killing the living.


   Skills:
 - Level 7.0 Fighting
 - Level 0.8 Short Blades
 + Level 3.4 Armour
 - Level 2.2 Dodging
 - Level 3.2 Stealth
 - Level 16.5 Unarmed Combat
 - Level 1.7 Spellcasting
 - Level 2.4 Hexes


You had 12 spell levels left.
You didn't know any spells.
Your spell library contained the following spells:

 Spells                   Type           Power      Damage    Failure   Level
 Ensorcelled Hibernation  Hex/Ice        6%         N/A       100%        2
 Confusing Touch          Hex            5%         N/A       100%        3
 Dazzling Flash           Conj/Hex       6%         N/A       100%        3
 Tukima's Dance           Hex            5%         N/A       100%        3

Inventory:

Armour
 d - a +2 cloak (worn)
 l - a +0 plate armour (worn)
Jewellery
 g - a +4 ring of protection (left claw)
 m - a ring of protection from cold (right claw)
Scrolls
 c - a scroll of identify
 f - a scroll of brand weapon
Potions
 a - a potion of might
 i - a potion of lignification {unknown}
 j - 2 potions of cancellation
 k - a potion of curing

Dungeon Overview and Level Annotations

Branches:
Dungeon (8/15)             Temple (1/1) D:7
   Lair: D:8-11

Altars:
Ashenzari
Cheibriados
Dithmenos
Fedhas
Gozag
Hepliaklqana
Kikubaaqudgha
Makhleb
Nemelex Xobeh
Qazlal
Ru
Sif Muna
Trog
Vehumet
Xom
Yredelemnul

Shops:
D:5 *

Annotations:
D:5 Eustachio


Message History

A death yak comes into view.
10021 ||| Stepping ~*~*~tactically~*~*~ (outnumbered).
10022 ||| Stepping ~*~*~tactically~*~*~ (outnumbered).
The orc throws a stone.
The stone hits you but does no damage.
You mangle the orc!!
You kill the orc!
The orc throws a stone.
The stone hits you but does no damage.
10024 ||| Stepping ~*~*~tactically~*~*~ (outnumbered).
Things that are here:
a +0 whip; a kobold corpse
10025 ||| Stepping ~*~*~tactically~*~*~ (outnumbered).
The death yak attacks as you move away! The death yak gores you!
10026 ||| Stepping ~*~*~tactically~*~*~ (outnumbered).
An orc priest comes into view. It is wielding a +1 flail of draining.
The death yak snorts and paws the ground.
10027 ||| Stepping ~*~*~tactically~*~*~ (outnumbered).
There is a stone staircase leading up here.
10028 ||| STAIRDANCE The death yak gores you!
You climb upwards.
There is a stone staircase leading down here.
You claw the death yak!
The death yak is lightly wounded.
You mangle the death yak!!
The death yak is heavily wounded.
The death yak gores you but does no damage.
The death yak gores you!
You claw the death yak!
The death yak is severely wounded.
The death yak gores you!
The death yak gores you but does no damage.
You claw the death yak!
The death yak is severely wounded.
The death yak gores you! The death yak completely misses you.
You barely miss the death yak.
The death yak is severely wounded.
You claw the death yak!
The death yak is almost dead.
The death yak gores you! x2
You die...

#...# #...#......# #.#.#... #...#
#...'......# #.#.###. #...#
#########).....###.#.# #. ###.#
#.[.....(......+.....# #. #.#
#..............###.### #> #.#
#.8>8)...........#.# #. #.#
#....[......##.#.#.# #. #.#
#......Y.#)#.#.#.#.#####. #.#
#.......@..........#..... #.#
#.......Y#.##+##.#.#.###.
#####.##########...#...#...#.#.#.
............# ###)'...+.#.#.#.##
#####.......# #.)#...#...#.#...
#.........# ##.##'##.#.#.#.##
#......#### #..........#.....
#......# ##.#.#.#.#.###.##
#......# #.....#.#.......


You could see 2 death yaks.

Vanquished Creatures
  A two-headed ogre (D:7)
  A death yak (D:7)
  A troll (D:6)
  Grinder (D:4)
  4 ice beasts
  An orc warrior (D:7)
  2 sky beasts
  3 ogres
  A phantom (D:5)
  2 centaurs
  A kobold brigand (D:7)
  3 bullfrogs
  A gnoll sergeant (D:7)
  6 scorpions
  A water moccasin skeleton (D:3)
  2 orc priests (D:5)
  5 jellies
  A centaur skeleton (D:3)
  2 iguanas
  A scorpion zombie (D:3)
  5 orc wizards
  2 hound zombies (D:3)
  8 adders
  3 gnolls (D:7)
  A white imp (D:5)
  An adder skeleton (D:3)
  An adder zombie (D:3)
  2 dart slugs (D:1)
  10 orcs
  5 bats
  12 endoplasms
  3 giant cockroaches
  4 goblins
  9 hobgoblins
  4 jackals (D:5)
  11 kobolds
  3 quokkas
  6 ball pythons
  A ball python zombie (D:3)
  4 frilled lizards
  A quokka skeleton (D:3)
  A quokka zombie (D:3)
  7 rats
144 creatures vanquished.

Vanquished Creatures (others)
  A bush (D:5)
  3 withered plants (D:3)
4 creatures vanquished.

Grand Total: 148 creatures vanquished

Notes
Turn   | Place    | Note
-------+----------+-------------------------------------------
     0 | D:1      | qw the Ghoul Enchanter began the quest for the Orb.
     0 | D:1      | Reached XP level 1. HP: 14/14 MP: 2/2
     0 | D:1      | 0 ||| qw: Version: 0.1-a-104-g96f76f8
     0 | D:1      | 0 ||| qw: Game counter: 6014
     0 | D:1      | 0 ||| qw: Always use a shield: true
     0 | D:1      | 0 ||| qw: God list: Okawaru
     0 | D:1      | 0 ||| qw: Allow faded altars: false
     0 | D:1      | 0 ||| qw: Do Orc after D:15 true
     0 | D:1      | 0 ||| qw: Do second Lair branch before Depths: true
     0 | D:1      | 0 ||| qw: Lair rune preference: random
     0 | D:1      | 0 ||| qw: Plans: Normal
     0 | D:1      | 0 ||| PLANNING D:1-11
     1 | D:1      | 1 ||| DROPPING +1 dagger.
    55 | D:1      | Reached skill level 1 in Unarmed Combat
   203 | D:1      | Reached skill level 1 in Fighting
   203 | D:1      | Reached XP level 2. HP: 23/23 MP: 3/3
   203 | D:1      | Found a faded altar of an unknown god.
   220 | D:1      | 220 ||| Stepping ~*~*~tactically~*~*~ (stealth).
   702 | D:1      | Reached skill level 2 in Unarmed Combat
   706 | D:1      | 706 ||| Stepping ~*~*~tactically~*~*~ (stealth).
   714 | D:1      | 714 ||| Stepping ~*~*~tactically~*~*~ (stealth).
   716 | D:1      | 716 ||| Stepping ~*~*~tactically~*~*~ (stealth).
   718 | D:1      | 718 ||| Stepping ~*~*~tactically~*~*~ (stealth).
   720 | D:1      | 720 ||| Stepping ~*~*~tactically~*~*~ (stealth).
   722 | D:1      | 722 ||| Stepping ~*~*~tactically~*~*~ (stealth).
   724 | D:1      | 724 ||| Stepping ~*~*~tactically~*~*~ (stealth).
   727 | D:1      | 727 ||| Stepping ~*~*~tactically~*~*~ (stealth).
   729 | D:1      | 729 ||| Stepping ~*~*~tactically~*~*~ (stealth).
   731 | D:1      | 731 ||| Stepping ~*~*~tactically~*~*~ (stealth).
  1058 | D:1      | Reached XP level 3. HP: 28/28 MP: 4/4
  1227 | D:1      | 1227 ||| UPGRADING to +0 cloak.
  1232 | D:1      | 1232 ||| UPGRADING to +0 leather armour.
  1242 | D:1      | 1242 ||| DROPPING +0 robe.
  1243 | D:1      | 1243 ||| UPGRADING to +0 ring mail.
  1253 | D:1      | 1253 ||| DROPPING +0 leather armour.
  1254 | D:1      | 1254 ||| READING scroll labelled EKLUVA ZUXKIC.
  1255 | D:1      | 1255 ||| READING scroll labelled SANAL WUTOFERU.
  1256 | D:1      | 1256 ||| READING scroll labelled VOFELE DUNKO.
  1259 | D:1      | 1259 ||| DROPPING 2 potions of invisibility.
  1318 | D:2      | 1318 ||| Stepping ~*~*~tactically~*~*~ (stealth).
  1319 | D:2      | 1319 ||| Stepping ~*~*~tactically~*~*~ (stealth).
  1320 | D:2      | 1320 ||| Stepping ~*~*~tactically~*~*~ (stealth).
  1350 | D:2      | Reached skill level 3 in Unarmed Combat
  1444 | D:2      | Identified the +10 whip "Diufusmumiff" {vorpal, rC++ Will+
                  | Dex+4}
  1662 | D:2      | 1662 ||| Stepping ~*~*~tactically~*~*~ (stealth).
  1663 | D:2      | 1663 ||| Stepping ~*~*~tactically~*~*~ (stealth).
  1667 | D:2      | 1667 ||| Stepping ~*~*~tactically~*~*~ (stealth).
  1668 | D:2      | 1668 ||| Stepping ~*~*~tactically~*~*~ (stealth).
  1787 | D:2      | 1787 ||| Stepping ~*~*~tactically~*~*~ (outnumbered).
  1846 | D:2      | Reached XP level 4. HP: 35/35 MP: 5/5
  2254 | D:2      | 2254 ||| UPGRADING to +4 ring of protection.
  2255 | D:2      | 2255 ||| READING scroll labelled TAURCH LASYMIL.
  2256 | D:2      | 2256 ||| READING scroll labelled WUCAACANEW.
  2257 | D:2      | 2257 ||| READING scroll labelled HAEXIXKYTT.
  2258 | D:2      | 2258 ||| READING scroll labelled GAYTUICHAFF.
  2259 | D:2      | 2259 ||| DRINKING 2 green potions.
  2300 | D:3      | 2300 ||| Stepping ~*~*~tactically~*~*~ (stealth).
  2366 | D:3      | Reached skill level 4 in Unarmed Combat
  2370 | D:3      | 2370 ||| Stepping ~*~*~tactically~*~*~ (stealth).
  2376 | D:3      | 2376 ||| Stepping ~*~*~tactically~*~*~ (stealth).
  2539 | D:3      | 2539 ||| Stepping ~*~*~tactically~*~*~ (stealth).
  2551 | D:3      | Reached XP level 5. HP: 39/41 MP: 6/6
  2744 | D:3      | 2744 ||| Stepping ~*~*~tactically~*~*~ (stealth).
  2753 | D:3      | 2753 ||| READING scroll of enchant armour.
  2753 | D:3      | 2753 ||| ENCHANTING +0 cloak.
  2755 | D:3      | 2755 ||| Stepping ~*~*~tactically~*~*~ (stealth).
  2769 | D:3      | Reached skill level 5 in Unarmed Combat
  3326 | D:3      | Reached XP level 6. HP: 48/48 MP: 7/7
  3366 | D:3      | 3366 ||| UPGRADING to +0 scale mail.
  3376 | D:3      | 3376 ||| DROPPING +0 ring mail.
  3377 | D:3      | 3377 ||| READING 3 scrolls labelled KYDDOD DEIPS.
  3378 | D:3      | 3378 ||| READING scroll labelled ZEUFUA SA XINK.
  3379 | D:3      | 3379 ||| READING scroll labelled KEBRET ONULO.
  3380 | D:3      | 3380 ||| DRINKING 2 inky potions.
  3381 | D:3      | 3381 ||| DRINKING 3 sedimented dark potions.
  3382 | D:3      | 3382 ||| DROPPING 2 scrolls of fog.
  3383 | D:3      | 3383 ||| DROPPING 2 potions of flight.
  3788 | D:4      | Reached skill level 1 in Armour
  3802 | D:4      | Found a burning altar of Makhleb.
  3876 | D:4      | Reached skill level 6 in Unarmed Combat
  4109 | D:4      | Noticed Grinder
  4120 | D:4      | HP: 10/48 [Grinder (6)]
  4126 | D:4      | Paralysed by Grinder for 3 turns
  4135 | D:4      | Killed Grinder
  4136 | D:4      | Reached XP level 7. HP: 13/60 MP: 8/8
  4631 | D:5      | Entered Level 5 of the Dungeon
  4631 | D:5      | Found the +8 longbow "Zephyr" {speed, Dex+3 SInv}
  4703 | D:5      | Found Jeicir's CLEARANCE SALE!.
  4710 | D:5      | 4710 ||| Stepping ~*~*~tactically~*~*~ (hiding).
  4712 | D:5      | 4712 ||| Stepping ~*~*~tactically~*~*~ (hiding).
  4725 | D:5      | 4725 ||| DRINKING 3 potions of curing.
  4725 | D:5      | 4725 ||| (to cure confusion)
  4727 | D:5      | 4727 ||| DRINKING 2 potions of curing.
  4727 | D:5      | 4727 ||| (to cure confusion)
  4728 | D:5      | 4728 ||| DRINKING potion of curing.
  4728 | D:5      | 4728 ||| (to cure confusion)
  4758 | D:5      | Reached skill level 7 in Unarmed Combat
  4977 | D:5      | 4977 ||| BUYING +4 ring mail of Compression {Contam Str+3
                  | Int+8} (242 gold).
  4977 | D:5      | Bought the +4 ring mail of Compression {Contam Str+3 Int+8}
                  | for 242 gold pieces
  4977 | D:5      | 4977 ||| SHOPLISTING amulet of regeneration (150 gold, have
                  | 14).
  5137 | D:5      | 5137 ||| Stepping ~*~*~tactically~*~*~ (hiding).
  5265 | D:5      | Noticed Eustachio
  5292 | D:5      | HP: 11/60 [river rat[Eustachio] (8)]
  5293 | D:5      | 5293 ||| READING scroll of teleportation.
  5780 | D:5      | Reached skill level 8 in Unarmed Combat
  5780 | D:5      | Reached XP level 8. HP: 33/67 MP: 9/9
  6232 | D:5      | 6232 ||| Stepping ~*~*~tactically~*~*~ (stealth).
  6249 | D:5      | 6249 ||| Stepping ~*~*~tactically~*~*~ (hiding).
  6371 | D:5      | You fall into a shaft and drop 2 floors!
  6371 | D:7      | Found a stormy altar of Qazlal.
  6400 | D:7      | Reached skill level 9 in Unarmed Combat
  6461 | D:7      | Found a bloodstained altar of Trog.
  6499 | D:7      | 6499 ||| Stepping ~*~*~tactically~*~*~ (stealth).
  6500 | D:7      | 6500 ||| UPGRADING to +4 ring mail of Compression {Contam
                  | Str+3 Int+8}.
  6508 | D:7      | 6508 ||| UPGRADING to +4 ring mail of Compression {Contam
                  | Str+3 Int+8}.
  6518 | D:7      | 6518 ||| Stepping ~*~*~tactically~*~*~ (hiding).
  6539 | D:7      | 6539 ||| FLEEEEING.
  6540 | D:7      | 6540 ||| FLEEEEING.
  6541 | D:7      | 6541 ||| FLEEEEING.
  6559 | D:7      | 6559 ||| DROPPING +0 scale mail.
  6560 | D:7      | 6560 ||| READING 2 scrolls of identify.
  6560 | D:7      | 6560 ||| IDENTIFYING pink potion
  6776 | D:5      | Reached skill level 10 in Unarmed Combat
  6957 | D:5      | 6957 ||| Stepping ~*~*~tactically~*~*~ (stealth).
  6959 | D:5      | 6959 ||| Stepping ~*~*~tactically~*~*~ (stealth).
  6965 | D:5      | 6965 ||| Stepping ~*~*~tactically~*~*~ (stealth).
  6967 | D:5      | 6967 ||| Stepping ~*~*~tactically~*~*~ (stealth).
  6978 | D:5      | 6978 ||| Stepping ~*~*~tactically~*~*~ (stealth).
  6980 | D:5      | 6980 ||| Stepping ~*~*~tactically~*~*~ (stealth).
  7000 | D:5      | 7000 ||| READING 2 scrolls of identify.
  7000 | D:5      | 7000 ||| IDENTIFYING sapphire potion
  7001 | D:5      | 7001 ||| DROPPING potion of ambrosia.
  7088 | D:6      | Reached skill level 6 in Fighting
  7136 | D:6      | Reached XP level 9. HP: 74/75 MP: 10/10
  7319 | D:6      | Noticed a troll
  7325 | D:6      | Killed a troll
  7326 | D:6      | Reached skill level 11 in Unarmed Combat
  7804 | D:6      | 7804 ||| READING scroll of enchant armour.
  7804 | D:6      | 7804 ||| ENCHANTING +1 cloak.
  7904 | D:6      | 7904 ||| Stepping ~*~*~tactically~*~*~ (water).
  8077 | D:6      | Identified the +0 ring mail of Yzxeng {rPois Dex+2}
  8100 | D:6      | 8100 ||| DROPPING +0 ring mail of Yzxeng {rPois Dex+2}.
  8101 | D:6      | 8101 ||| UPGRADING to ring of protection from cold.
  8102 | D:6      | 8102 ||| READING scroll labelled MEMEUKK JIDGHU.
  8103 | D:6      | 8103 ||| READING 2 scrolls labelled YRHIUK LEISCH.
  8104 | D:6      | 8104 ||| READING scroll labelled ATHAYN RAPLIPN.
  8105 | D:6      | 8105 ||| DRINKING 2 golden potions.
  8106 | D:6      | 8106 ||| READING 4 scrolls of identify.
  8106 | D:6      | 8106 ||| IDENTIFYING murky brown potion
  8107 | D:6      | 8107 ||| READING 3 scrolls of identify.
  8107 | D:6      | 8107 ||| IDENTIFYING silvery potion
  8108 | D:6      | 8108 ||| DRINKING potion of experience.
  8108 | D:6      | Reached skill level 16 in Unarmed Combat
  8108 | D:6      | Reached XP level 10. HP: 83/83 MP: 11/11
  8109 | D:6      | 8109 ||| DROPPING potion of brilliance.
  8110 | D:6      | 8110 ||| DROPPING scroll of vulnerability.
  8352 | D:7      | Identified the +1 dagger of Dikhlit {drain, Fragile +Blink
                  | rPois rN++}
  8359 | D:7      | Found a staircase to the Ecumenical Temple.
  8360 | D:7      | 8360 ||| PLANNING TEMPLE
  8370 | Temple   | Entered the Ecumenical Temple
  8553 | Temple   | 8553 ||| PLANNING D:1-11
  8737 | D:7      | Noticed a two-headed ogre
  8747 | D:7      | Killed a two-headed ogre
  8868 | D:7      | 8868 ||| READING 2 scrolls of identify.
  8868 | D:7      | 8868 ||| IDENTIFYING bubbling inky potion
  8869 | D:7      | 8869 ||| DROPPING potion of attraction.
  8961 | D:8      | 8961 ||| Stepping ~*~*~tactically~*~*~ (hiding).
  9077 | D:8      | 9077 ||| FLEEEEING.
  9078 | D:8      | 9078 ||| FLEEEEING.
  9079 | D:8      | 9079 ||| FLEEEEING.
  9080 | D:8      | 9080 ||| FLEEEEING.
  9081 | D:8      | 9081 ||| FLEEEEING.
  9082 | D:8      | 9082 ||| FLEEEEING.
  9083 | D:8      | 9083 ||| FLEEEEING.
  9084 | D:8      | 9084 ||| FLEEEEING.
  9085 | D:8      | 9085 ||| FLEEEEING.
  9086 | D:8      | 9086 ||| STAIRDANCE
  9190 | D:8      | 9190 ||| STAIRDANCE
  9195 | D:8      | 9195 ||| STAIRDANCE
  9197 | D:7      | 9197 ||| Stepping ~*~*~tactically~*~*~ (outnumbered).
  9198 | D:7      | 9198 ||| Stepping ~*~*~tactically~*~*~ (outnumbered).
  9201 | D:7      | 9201 ||| Stepping ~*~*~tactically~*~*~ (outnumbered).
  9234 | D:8      | 9234 ||| STAIRDANCE
  9235 | D:8      | Noticed a death yak
  9236 | D:7      | 9236 ||| Stepping ~*~*~tactically~*~*~ (outnumbered).
  9237 | D:7      | 9237 ||| Stepping ~*~*~tactically~*~*~ (outnumbered).
  9238 | D:7      | 9238 ||| Stepping ~*~*~tactically~*~*~ (outnumbered).
  9240 | D:7      | 9240 ||| Stepping ~*~*~tactically~*~*~ (outnumbered).
  9250 | D:7      | 9250 ||| UPGRADING to +0 plate armour.
  9260 | D:7      | 9260 ||| DROPPING +4 ring mail of Compression {Contam Str+3
                  | Int+8}.
  9266 | D:8      | 9266 ||| STAIRDANCE
  9268 | D:7      | 9268 ||| Stepping ~*~*~tactically~*~*~ (outnumbered).
  9269 | D:7      | 9269 ||| Stepping ~*~*~tactically~*~*~ (outnumbered).
  9270 | D:7      | 9270 ||| Stepping ~*~*~tactically~*~*~ (outnumbered).
  9271 | D:7      | 9271 ||| Stepping ~*~*~tactically~*~*~ (outnumbered).
  9272 | D:7      | 9272 ||| Stepping ~*~*~tactically~*~*~ (outnumbered).
  9273 | D:7      | 9273 ||| Stepping ~*~*~tactically~*~*~ (outnumbered).
  9274 | D:7      | 9274 ||| Stepping ~*~*~tactically~*~*~ (outnumbered).
  9276 | D:7      | 9276 ||| FLEEEEING.
  9277 | D:7      | 9277 ||| FLEEEEING.
  9278 | D:7      | 9278 ||| FLEEEEING.
  9279 | D:7      | 9279 ||| FLEEEEING.
  9280 | D:7      | 9280 ||| FLEEEEING.
  9282 | D:7      | 9282 ||| FLEEEEING.
  9283 | D:7      | 9283 ||| FLEEEEING.
  9284 | D:7      | 9284 ||| FLEEEEING.
  9285 | D:7      | 9285 ||| FLEEEEING.
  9286 | D:7      | 9286 ||| FLEEEEING.
  9287 | D:7      | 9287 ||| FLEEEEING.
  9288 | D:7      | 9288 ||| FLEEEEING.
  9289 | D:7      | 9289 ||| FLEEEEING.
  9290 | D:7      | 9290 ||| FLEEEEING.
  9291 | D:7      | 9291 ||| FLEEEEING.
  9292 | D:7      | 9292 ||| FLEEEEING.
  9293 | D:7      | 9293 ||| FLEEEEING.
  9294 | D:7      | 9294 ||| FLEEEEING.
  9295 | D:7      | 9295 ||| FLEEEEING.
  9296 | D:7      | 9296 ||| FLEEEEING.
  9297 | D:7      | 9297 ||| FLEEEEING.
  9298 | D:7      | 9298 ||| FLEEEEING.
  9299 | D:7      | 9299 ||| FLEEEEING.
  9300 | D:7      | 9300 ||| FLEEEEING.
  9301 | D:7      | 9301 ||| FLEEEEING.
  9302 | D:7      | 9302 ||| FLEEEEING.
  9303 | D:7      | 9303 ||| FLEEEEING.
  9304 | D:7      | 9304 ||| FLEEEEING.
  9305 | D:7      | 9305 ||| FLEEEEING.
  9306 | D:7      | 9306 ||| FLEEEEING.
  9307 | D:7      | 9307 ||| FLEEEEING.
  9308 | D:7      | 9308 ||| FLEEEEING.
  9309 | D:7      | 9309 ||| FLEEEEING.
  9310 | D:7      | 9310 ||| FLEEEEING.
  9311 | D:7      | 9311 ||| FLEEEEING.
  9312 | D:7      | 9312 ||| FLEEEEING.
  9313 | D:7      | 9313 ||| FLEEEEING.
  9314 | D:7      | 9314 ||| FLEEEEING.
  9315 | D:7      | 9315 ||| STAIRDANCE
  9410 | D:8      | 9410 ||| STAIRDANCE
  9412 | D:7      | 9412 ||| Stepping ~*~*~tactically~*~*~ (outnumbered).
  9413 | D:7      | 9413 ||| Stepping ~*~*~tactically~*~*~ (outnumbered).
  9414 | D:7      | 9414 ||| Stepping ~*~*~tactically~*~*~ (outnumbered).
  9419 | D:7      | 9419 ||| Stepping ~*~*~tactically~*~*~ (outnumbered).
  9433 | D:8      | 9433 ||| STAIRDANCE
  9435 | D:7      | 9435 ||| Stepping ~*~*~tactically~*~*~ (outnumbered).
  9436 | D:7      | 9436 ||| Stepping ~*~*~tactically~*~*~ (outnumbered).
  9437 | D:7      | 9437 ||| Stepping ~*~*~tactically~*~*~ (outnumbered).
  9438 | D:7      | 9438 ||| Stepping ~*~*~tactically~*~*~ (outnumbered).
  9439 | D:7      | 9439 ||| Stepping ~*~*~tactically~*~*~ (outnumbered).
  9440 | D:7      | 9440 ||| Stepping ~*~*~tactically~*~*~ (outnumbered).
  9441 | D:7      | 9441 ||| Stepping ~*~*~tactically~*~*~ (outnumbered).
  9454 | D:7      | HP: 10/86 [death yak (18)]
  9455 | D:7      | 9455 ||| READING scroll of teleportation.
  9455 | D:7      | HP: 2/86 [death yak (8)]
  9456 | D:7      | 9456 ||| DRINKING potion of heal wounds.
  9462 | D:7      | 9462 ||| FLEEEEING.
  9465 | D:7      | 9465 ||| FLEEEEING.
  9466 | D:7      | 9466 ||| FLEEEEING.
  9468 | D:7      | 9468 ||| FLEEEEING.
  9471 | D:7      | 9471 ||| FLEEEEING.
  9472 | D:7      | 9472 ||| FLEEEEING.
  9473 | D:7      | 9473 ||| FLEEEEING.
  9474 | D:7      | 9474 ||| FLEEEEING.
  9475 | D:7      | 9475 ||| FLEEEEING.
  9476 | D:7      | 9476 ||| FLEEEEING.
  9477 | D:7      | 9477 ||| FLEEEEING.
  9478 | D:7      | 9478 ||| FLEEEEING.
  9479 | D:7      | 9479 ||| FLEEEEING.
  9481 | D:7      | 9481 ||| FLEEEEING.
  9482 | D:7      | 9482 ||| FLEEEEING.
  9483 | D:7      | 9483 ||| FLEEEEING.
  9484 | D:7      | 9484 ||| FLEEEEING.
  9485 | D:7      | 9485 ||| FLEEEEING.
  9486 | D:7      | 9486 ||| FLEEEEING.
  9488 | D:7      | 9488 ||| FLEEEEING.
  9489 | D:7      | 9489 ||| FLEEEEING.
  9490 | D:7      | 9490 ||| FLEEEEING.
  9491 | D:7      | 9491 ||| FLEEEEING.
  9492 | D:7      | 9492 ||| FLEEEEING.
  9493 | D:7      | 9493 ||| FLEEEEING.
  9494 | D:7      | 9494 ||| FLEEEEING.
  9495 | D:7      | 9495 ||| FLEEEEING.
  9496 | D:7      | 9496 ||| FLEEEEING.
  9497 | D:7      | 9497 ||| FLEEEEING.
  9498 | D:7      | 9498 ||| FLEEEEING.
  9499 | D:7      | 9499 ||| FLEEEEING.
  9500 | D:7      | 9500 ||| FLEEEEING.
  9501 | D:7      | 9501 ||| FLEEEEING.
  9502 | D:7      | 9502 ||| FLEEEEING.
  9503 | D:7      | 9503 ||| STAIRDANCE
  9776 | D:7      | Killed a death yak
  9777 | D:7      | Reached skill level 3 in Armour
  9777 | D:7      | 9777 ||| STAIRDANCE
  9995 | D:8      | 9995 ||| Stepping ~*~*~tactically~*~*~ (hiding).
  9998 | D:8      | 9998 ||| Stepping ~*~*~tactically~*~*~ (hiding).
  9999 | D:8      | 9999 ||| Stepping ~*~*~tactically~*~*~ (hiding).
 10000 | D:8      | 10000 ||| Stepping ~*~*~tactically~*~*~ (hiding).
 10017 | D:8      | Noticed a death yak
 10017 | D:8      | Noticed a death yak
 10017 | D:8      | Noticed a death yak
 10017 | D:8      | Noticed a death yak
 10018 | D:8      | Noticed a death yak
 10020 | D:8      | Noticed a death yak
 10021 | D:8      | 10021 ||| Stepping ~*~*~tactically~*~*~ (outnumbered).
 10022 | D:8      | 10022 ||| Stepping ~*~*~tactically~*~*~ (outnumbered).
 10024 | D:8      | 10024 ||| Stepping ~*~*~tactically~*~*~ (outnumbered).
 10025 | D:8      | 10025 ||| Stepping ~*~*~tactically~*~*~ (outnumbered).
 10026 | D:8      | 10026 ||| Stepping ~*~*~tactically~*~*~ (outnumbered).
 10027 | D:8      | 10027 ||| Stepping ~*~*~tactically~*~*~ (outnumbered).
 10028 | D:8      | 10028 ||| STAIRDANCE
 10035 | D:7      | HP: 17/86 [death yak (10)]
 10035 | D:7      | Slain by a death yak

Levels and vault maps discovered:
D:1:      minmay_arrival_arboretum_small, layout_basic,
          shapermc_ecumenical_altar_venn
D:2:      minmay_alternating_diamond, layout_loops_ring,
          kennysheep_generic_room_12
D:3:      layout_basic, serial_undead, serial_undead_b, serial_undead_c,
          serial_undead_a, serial_undead_a, serial_undead_b, serial_undead_a,
          serial_undead_c, serial_undead_c, serial_undead_f, serial_undead_d,
          kennysheep_generic_room_10
D:4:      layout_basic, marbit_many_paths, uniq_grinder
D:5:      layout_cave_pods, kb_lookout_dungeons_type, nicolae_shop_clearance,
          uniq_eustachio
D:6:      layout_basic
D:7:      layout_basic, grunt_qazlal_clouds, kennysheep_mini, temple_statues,
          serial_park_tiny_pond, minmay_misc_feat_doors
D:8:      layout_gridville, dpeg_lair_monsters, kennysheep_diamond,
          corexii_leaking_fountain, nicolae_shop_i_like_big_books
Temple:   eino_temple_scatter_basement

Skill      XL: |  1  2  3  4  5  6  7  8  9 10 |
---------------+-------------------------------+-----
Unarmed Combat | 1 2 3 4 5 6 8 10 16 | 16.5
Fighting       | 1 2 4 6 7 |  7.0
Armour         | 1 3 |  3.4
Dodging        | 2 |  2.2
Short Blades   | |  0.8
Stealth        | |  3.2
Spellcasting   | |  1.7
Hexes          | |  2.4

Action                   |  1- 3 |  4- 6 |  7- 9 | 10-12 || total
-------------------------+-------+-------+-------+-------++-------
Melee: Unarmed           |   115 |   191 |   276 |    80 ||   662
       Punch             |       |     7 |    14 |     4 ||    25
  Use: Scroll            |     3 |     8 |     9 |     2 ||    22
       Potion            |       |     3 |     5 |     1 ||     9
 Stab: Sleeping          |     1 |       |       |       ||     1
Armor: Robe              |     5 |       |       |       ||     5
       Ring mail         |    23 |    62 |    34 |    12 ||   131
       Scale mail        |       |    23 |   128 |       ||   151
       Plate armour      |       |       |       |    57 ||    57
Dodge: Dodged            |    36 |    66 |    87 |    35 ||   224

Table legend:
 A = Non-vault XP
 B = Vault XP
 C = Vault XP percentage of total XP
 D = Non-vault monster count
 E = Vault monster count
 F = Vault count percentage of total count
                 A         B        C        D         E       F
            +---------+---------+-------+---------+---------+-------
      Total |    4350 |    1454 |  25.1 |     123 |      21 |  14.6
            +---------+---------+-------+---------+---------+-------
        D:1 |      35 |       0 |   0.0 |      20 |       0 |   0.0
        D:2 |      44 |      10 |  18.5 |      13 |       5 |  27.8
        D:3 |      34 |     199 |  85.4 |      12 |      12 |  50.0
        D:4 |      93 |     330 |  78.0 |       8 |       2 |  20.0
        D:5 |     845 |     110 |  11.5 |      24 |       1 |   4.0
        D:6 |    1240 |       0 |   0.0 |      14 |       0 |   0.0
        D:7 |    2011 |     805 |  28.6 |      25 |       1 |   3.8
        D:8 |      48 |       0 |   0.0 |       7 |       0 |   0.0
            +---------+---------+-------+---------+---------+-------
